 Dungeon Crawl Stone Soup version bcrawl-1.41 (console) character file.

Game seed: 13567841447633714116

141025 Burana the Sneak (level 4, -4/35 HPs)
             Began as a Demonspawn Archaeologist on Apr 12, 2024.
             Slain by an iguana (7 damage)
             ... on level 3 of the Dungeon.
             The game lasted 00:13:24 (1943 turns).

Burana the Sneak (Demonspawn Archaeologist)         Turns: 1943, Time: 00:13:25

Health: -4/35      AC: 15    Str: 13    XL:     4   Next: 56%
Magic:  5/5        EV: 11    Int: 15    God:
Gold:   98         SH:  0    Dex: 11    Spells: 3/3 levels left

rFire    . . .     GDR:     23% a - +1 dagger (protect)
rCold    . . .     SeeInvis .   (no shield)
rNeg     . . .     Gourm    .   q - +0 ring mail
rPois    .         Faith    .   d - +1 hat
rElec    .         Spirit   .   (no cloak)
rCorr    .         Reflect  .   (no gloves)
MR       .....                  i - +1 pair of boots
Stlth    +.........             (no amulet)
HPRegen  0.15/turn              (no ring)
MPRegen  0.09/turn              (no ring)

@: protection aura
A: antennae 1, claws 1, hooves 1
a: no special abilities


You were on level 3 of the Dungeon.
You were hungry.

You visited 1 branch of the dungeon, and saw 3 of its levels.

You collected 98 gold pieces.

Inventory:

Hand Weapons
 a - a +1 dagger of protection (weapon)
 b - a +0 blowgun
 k - a +0 hunting sling
 u - a +0 whip
Missiles
 f - 6 curare-tipped needles
 j - 48 poisoned needles (quivered)
 l - 40 needles of frenzy {=f}
Armour
 c - a +1 robe
 d - a +1 hat (worn)
 i - a +1 pair of boots (worn)
 m - a +2 cloak
 q - a +0 ring mail (worn)
Jewellery
 v - a cursed -3 ring of dexterity {unknown}
Scrolls
 g - a scroll of revelation
 n - a scroll of amnesia {unknown}
 o - a scroll of noise {unknown}
 r - 4 scrolls of immolation
 x - a scroll of remove curse {unknown}
Potions
 s - a potion of flight {unknown}
 t - a potion of agility {unknown}
 w - a potion of mutation {unknown}
 z - a potion of brilliance {unknown}
Miscellaneous
 h - a dusty tome
Comestibles
 e - 3 rations {!d}
 p - 4 chunks of flesh


   Skills:
 - Level 3.0 Fighting
 + Level 2.1 Short Blades
 - Level 1.1 Maces & Flails
 - Level 3.0 Dodging
 - Level 3.0 Stealth
 - Level 0.5 Unarmed Combat


You had 3 spell levels left.
You didn't know any spells.
Your spell library was empty.

Dungeon Overview and Level Annotations

Branches:
Dungeon (3/12)

Altars:
Ru


Innate Abilities, Weirdness & Mutations

You have a pair of small antennae on your head.
You have sharp fingernails.
You have large cloven feet.


Message History

The iguana barely misses you.
You closely miss the iguana.
The iguana is heavily wounded.
The iguana barely misses you.
You hit the iguana.
The iguana is heavily wounded.
The iguana bites you but does no damage.
You hit the iguana.
The iguana is heavily wounded.
The iguana closely misses you.
You barely miss the iguana.
The iguana is heavily wounded.
You hit the iguana.
The iguana is severely wounded.
The iguana bites you!
* * * LOW HITPOINT WARNING * * *
You barely miss the iguana.
The iguana is severely wounded.
The iguana bites you!
You die...

You could see an iguana.

Vanquished Creatures
  4 adders
  6 leopard geckos
  An orc (D:2)
  2 ball pythons (D:2)
  4 giant cockroaches
  4 goblins
  8 hobgoblins
  6 jackals (D:2)
  7 bats
  5 frilled lizards
  9 kobolds
  4 rats
60 creatures vanquished.

Notes
Turn   | Place    | Note
-------+----------+-------------------------------------------
     0 | D:1      | Burana the Demonspawn Archaeologist began the quest for the
                  | Orb.
     0 | D:1      | Reached XP level 1. HP: 15/15 MP: 2/2
   264 | D:1      | Reached skill level 1 in Maces & Flails
   370 | D:1      | Gained mutation: You have large cloven feet. [demonic
                  | ancestry]
   370 | D:1      | Reached XP level 2. HP: 21/21 MP: 3/3
   598 | D:1      | Gained mutation: You have a pair of small antennae on your
                  | head. [demonic ancestry]
   598 | D:1      | Reached XP level 3. HP: 16/28 MP: 4/4
  1300 | D:2      | Reached skill level 1 in Short Blades
  1414 | D:2      | Found a sacrificial altar of Ru.
  1533 | D:2      | Gained mutation: You have sharp fingernails. [demonic
                  | ancestry]
  1533 | D:2      | Reached XP level 4. HP: 35/35 MP: 5/5
  1943 | D:3      | Slain by an iguana

Skill      XL: |  1  2  3  4 |
---------------+-------------+-----
Maces & Flails | 1 |  1.1
Dodging        | 3 |  3.0
Fighting       | 2 3 |  3.0
Short Blades   | 1 2 |  2.1
Stealth        | |  3.0
Unarmed Combat | |  0.5

Action                   |  1- 3 |  4- 6 || total
-------------------------+-------+-------++-------
Melee: Whip              |   138 |     9 ||   147
       Dagger            |    77 |    56 ||   133
 Fire: Blowgun           |    22 |       ||    22
  Use: Scroll            |       |     1 ||     1
 Stab: Sleeping          |     1 |       ||     1
       Distracted        |       |     1 ||     1
  Eat: Chunk             |     9 |     2 ||    11
Armor: Ring mail         |   120 |    28 ||   148
       Robe              |     5 |       ||     5
Dodge: Dodged            |   149 |    30 ||   179
